 Dungeon Crawl Stone Soup version 0.28-a0-1594-ga885d4b3d6 (webtiles) character file.

Game seed: 13050142440220009790

107 mcsnuffy the Cutter (level 4, 0/33 HPs)
             Began as a Demonspawn Gladiator on Jan 20, 2022.
             Slain by a black bear (2 damage)
             ... on level 4 of the Dungeon.
             The game lasted 00:09:40 (2535 turns).

mcsnuffy the Cutter (Demonspawn Gladiator)          Turns: 2535, Time: 00:09:42

Health: 0/33       AC:  6    Str: 16    XL:     4   Next: 57%
Magic:  4/4        EV: 13    Int:  9    God:
Gold:   52         SH:  4    Dex: 15    Spells: 3/3 levels left

rFire   . . .      SeeInvis .   a - +0 rapier
rCold   . . .      Faith    .   (no shield)
rNeg    . . .      Spirit   .   b - +0 leather armour
rPois   .          Reflect  .   c - +0 helmet
rElec   .          Harm     .   (no cloak)
rCorr   .          Rampage  .   m - +0 pair of gloves
Will    .....                   j - +0 pair of boots
Stlth   ++........              (no amulet)
HPRegen 0.11/turn               (no ring)
MPRegen 0.09/turn               (no ring)

@: no status effects
A: large bone plates 1, demonic guardian 1, weakness stinger 1
a: no special abilities


You were on level 4 of the Dungeon.
You visited 1 branch of the dungeon, and saw 4 of its levels.

You collected 52 gold pieces.


Innate Abilities, Weirdness & Mutations

You are partially covered in large bone plates. (SH +4)
A weak demonic guardian rushes to your aid.
You have a small tail.


   Skills:
 - Level 2.0 Fighting
 - Level 4.0 Short Blades
 - Level 1.7 Throwing
 + Level 3.5 Dodging
 + Level 1.5 Stealth


You had 3 spell levels left.
You didn't know any spells.
Your spell library contained the following spells:

 Spells                   Type           Power      Damage    Failure   Level
 Blink                    Tloc           0%         N/A       58%         2
 Manifold Assault         Tloc           0%         N/A       100%        5
 Storm Form               Tmut/Air       0%         N/A       100%        7

Inventory:

Hand Weapons
 a - a +0 rapier (weapon)
Missiles
 d - 3 throwing nets {=f}
 e - 54 stones
 f - 2 curare-tipped darts (quivered) {=f}
Armour
 b - a +0 leather armour (worn)
 c - a +0 helmet (worn)
 j - a +0 pair of boots (worn)
 m - a +0 pair of gloves (worn)
Scrolls
 h - a scroll of blinking
 i - a scroll of identify {unknown}
 k - a scroll of teleportation {unknown}
Potions
 g - 2 potions of curing {unknown}
 l - a potion of heal wounds {unknown}

Dungeon Overview and Level Annotations

Branches:
Dungeon (3/15)

Altars:
The Shining One

Shops:
D:2 [   D:3 (*

Annotations:
D:2 Sigmund

### ### #.# #.#
#.############.####
#5@............#...
#h#####.....##.#.## #†#
#.###.##.#.# #(#####.#
#.##.#.# ###....##.#
#.##.#.# ####.#..........
..##.#'## '.......▓'▓..#+#
####.....
####.#..▓⚑▓...............
.. #..▓▓▓ ........##....


You could see a black bear (berserk, ally target) and a friendly shadow imp
(summoned).


Message History

The black bear bites you.
* * * LOW HITPOINT WARNING * * *
The black bear claws you but does no damage.
The black bear barely misses you. The black bear bites you.
* * * LOW HITPOINT WARNING * * *
The black bear closely misses you. x2
You completely miss the black bear.
The black bear is almost dead.
The black bear bites you.
* * * LOW HITPOINT WARNING * * *
You block the black bear's attack. x2
Unknown command.
You hit the black bear.
The black bear is almost dead.
The black bear barely misses you. x2; The black bear closely misses you.
The black bear completely misses you. The black bear claws you.
* * * LOW HITPOINT WARNING * * *
A demonic guardian appears!
You block the black bear's attack.
You hit the black bear but do no damage.
The black bear is almost dead.
The black bear looks more healthy.
The black bear closely misses you. x2
The black bear misses you.
You barely miss the black bear.
The black bear is almost dead.
The black bear bites you.
* * * LOW HITPOINT WARNING * * *
The black bear completely misses you. The black bear misses you.
The black bear bites you but does no damage.
The black bear claws you.
You die...

Skill      XL: |  1  2  3  4 |
---------------+-------------+-----
Short Blades   | 3 4 |  4.0
Dodging        | 3 |  3.5
Stealth        | 1 |  1.5
Fighting       | |  2.0
Throwing       | |  1.7

Action                   |  1- 3 |  4- 6 || total
-------------------------+-------+-------++-------
Melee: Rapier            |   163 |    29 ||   192
       Tailslap          |       |     3 ||     3
Throw: Dart              |       |     1 ||     1
  Use: Scroll            |     1 |       ||     1
Armor: Leather armour    |    43 |     5 ||    48
Dodge: Dodged            |   101 |    29 ||   130
Block: Other             |    11 |     6 ||    17

Levels and vault maps discovered:
D:1:      dpeg_arrival_round_b, layout_loops_cross, basic_ecumenical_altar,
          minmay_misc_feat_x
D:2:      layout_basic, serial_shops, shop, minmay_surrounded, uniq_sigmund
D:3:      layout_basic, demons_altar, mainiacjoe_overflow_paths, serial_shops,
          nicolae_shop_temple_entry_statues_fountains,
          nicolae_shop_advertising_works [nicolae_subvault_shop_adworks],
          minmay_box_of_dots
D:4:      layout_basic, kennysheep_orc_sif_temple, kennysheep_mini_moat,
          minmay_temple_entry_trees, gammafunk_ghost_split,
          small_statue_intersection, uniq_pikel, uniq_menkaure

Notes
Turn   | Place    | Note
-------+----------+-------------------------------------------
     0 | D:1      | mcsnuffy the Demonspawn Gladiator began the quest for the
                  | Orb.
     0 | D:1      | Reached XP level 1. HP: 16/16 MP: 1/1
   210 | D:1      | Reached skill level 3 in Short Blades
   383 | D:1      | Found a faded altar of an unknown god.
   385 | D:1      | Gained mutation: A weak demonic guardian rushes to your
                  | aid. [demonic ancestry]
   385 | D:1      | Reached XP level 2. HP: 22/22 MP: 2/2
  1224 | D:2      | Found Reupryaz's Antique Armour Emporium.
  1277 | D:2      | Noticed Sigmund
  1642 | D:3      | Found Qiogosui's Weapon Shop.
  1644 | D:3      | Found Pudec's Assorted Antiques.
  1669 | D:3      | Gained mutation: You are partially covered in large bone
                  | plates. (SH +4) [demonic ancestry]
  1669 | D:3      | Reached XP level 3. HP: 11/27 MP: 3/3
  2012 | D:2      | Reached skill level 4 in Short Blades
  2023 | D:2      | You fall into a shaft and drop 2 floors!
  2119 | D:4      | Reached skill level 3 in Dodging
  2412 | D:4      | Gained mutation: You have a small tail. [demonic ancestry]
  2412 | D:4      | Reached XP level 4. HP: 32/33 MP: 4/4
  2517 | D:4      | Noticed a black bear
  2521 | D:4      | Reached skill level 1 in Stealth
  2535 | D:4      | HP: 2/33 [black bear (5)]
  2535 | D:4      | Slain by a black bear

Vanquished Creatures
  A hound (D:4)
  2 hound skeletons (D:4)
  A worm (D:4)
  A dart slug (D:3)
  2 bats
  3 endoplasms
  A giant cockroach (D:3)
  2 hobgoblins (D:1)
  5 jackals (D:4)
  2 kobolds
  4 quokkas
  4 ball pythons
  4 frilled lizards
  7 goblins
  8 rats
47 creatures vanquished.

Table legend: (Time is in decaauts)
 A = Elapsed time spent in this place.
 B = Non-inter-level travel time spent in this place.
 C = Inter-level travel time spent in this place.
 D = Time resting spent in this place.
 E = Time spent auto-exploring this place.
 F = Levels seen in this place.
 G = Mean time per level.
                   A        B        C        D        E       F      G
               +--------+--------+--------+--------+--------+-----+--------+
         Total |   2540 |   2415 |    125 |    422 |   1065 |   4 |  635.0 |
       Dungeon |   2540 |   2415 |    125 |    422 |   1065 |   4 |  635.0 |
               +--------+--------+--------+--------+--------+-----+--------+

Top non-repeatable levels by time:
     D:1: 1295 daAuts
     D:4: 511 daAuts
     D:2: 470 daAuts
     D:3: 263 daAuts

Table legend:
 A = Non-vault XP
 B = Vault XP
 C = Vault XP percentage of total XP
 D = Non-vault monster count
 E = Vault monster count
 F = Vault count percentage of total count
                 A         B        C        D         E       F
            +---------+---------+-------+---------+---------+-------
      Total |     153 |       1 |   0.6 |      46 |       1 |   2.1
            +---------+---------+-------+---------+---------+-------
        D:1 |      24 |       0 |   0.0 |      16 |       0 |   0.0
        D:2 |      18 |       1 |   5.3 |      12 |       1 |   7.7
        D:3 |      12 |       0 |   0.0 |       6 |       0 |   0.0
        D:4 |      99 |       0 |   0.0 |      12 |       0 |   0.0
            +---------+---------+-------+---------+---------+-------
